 Dungeon Crawl Stone Soup version 0.29-a0-892-g2c4c91d9db (webtiles) character file.

Game seed: 1071577520193969120

184 Aurophilus the Chiller (level 5, -8/28 HPs)
             Began as a Deep Elf Ice Elementalist on July 22, 2022.
             Killed by divine providence
             ... invoked by an orc priest
              (13 damage)
             ... on level 3 of the Dungeon.
             The game lasted 00:09:45 (2898 turns).

Aurophilus the Chiller (Deep Elf Ice Elementalist)  Turns: 2898, Time: 00:09:46

Health: -8/28      AC:  8    Str:  5    XL:     5   Next: 36%
Magic:  10/15      EV: 12    Int: 22    God:
Gold:   128        SH:  0    Dex: 15    Spells: 8/15 levels left

rFire   . . .      SeeInvis .   (no weapon)
rCold   . . .      Faith    .   (no shield)
rNeg    . . .      Spirit   .   a - +0 robe
rPois   .          Reflect  .   (no helmet)
rElec   .          Harm     .   e - scarf {shadows}
rCorr   .          Rampage  .   (no gloves)
Will    .....                   l - +1 pair of boots
Stlth   ++........              (no amulet)
HPRegen 0.09/turn               d - +4 ring of protection
MPRegen 0.14/turn               (no ring)

@: no status effects
A: no striking features
a: no special abilities


You were on level 3 of the Dungeon.
You visited 1 branch of the dungeon, and saw 3 of its levels.

You collected 128 gold pieces.

Inventory:

Armour
 a - a +0 robe (worn)
 e - a scarf of shadows (worn)
 l - a +1 pair of boots (worn)
Jewellery
 d - a +4 ring of protection (left hand)
Wands
 c - a wand of quicksilver (8)
 j - a wand of flame (12)
Scrolls
 g - a scroll of teleportation
 h - a scroll of enchant weapon
Potions
 b - 2 potions of magic
 f - 2 potions of might
 i - a potion of flight {unknown}
 k - a potion of brilliance {unknown}
 m - 3 potions of curing


   Skills:
 + Level 2.5 Dodging
 + Level 2.7 Stealth
 * Level 5.5 Spellcasting
 * Level 6.1 Ice Magic


You had 8 spell levels left.
You knew the following spells:

 Your Spells              Type           Power      Damage    Failure   Level
a - Freeze                Ice            100%       1d11      1%          1
b - Frozen Ramparts       Ice            64%        1d8       2%          3
c - Ozocubu's Armour      Ice            32%        N/A       2%          3

Your spell library contained the following spells:

 Spells                   Type           Power      Damage    Failure   Level
 Apportation              Tloc           12%        N/A       10%         1
 Necrotise                Necr           24%        1d5       10%         1
 Summon Small Mammal      Summ           24%        N/A       10%         1
 Hailstorm                Conj/Ice       19%        3d6       26%         4
 Call Canine Familiar     Summ           6%         N/A       28%         3
 Confusing Touch          Hex            6%         N/A       28%         3
 Portal Projectile        Hex/Tloc       12%        N/A       28%         3
 Leda's Liquefaction      Hex/Erth       3%         N/A       67%         4
 Yara's Violent Unravell  Hex/Tmut       3%         3d4       95%         5
 Enfeeble                 Hex            3%         N/A       100%        7
 Ozocubu's Refrigeration  Ice            16%        4d8       100%        7


Dungeon Overview and Level Annotations

Branches:
Dungeon (3/15)

Altars:
Trog

Annotations:
D:3 1 transporter


Message History

You see here a +0 dagger.
You see here a +0 rapier.
The shadow imp shouts, "Remove thy stench, thou prissy ruttish hugger-mugger!"
Partly explored, unvisited transporter.
Partly explored, unvisited transporter.
The orc priest shouts! x2; You hear a shout!
There is a transporter here.
Okay, then.
Okay, then.
You enter the transporter and appear at another place.
j - a wand of flame (12)
You open the door.
The shadow imp grinds its teeth.
The orc priest invokes the aid of Beogh against you.
Beogh smites you!
Ouch! That really hurt!
There is an open door here.
Casting: Freeze (safe; 1% risk of failure)
Confirm with . or Enter, or press ? or * to list all spells.
Casting: Frozen Ramparts (dangerous; 2% risk of failure)
Press: ? - help, Dir - look around, f - activate The walls around you are covered in ice.
Casting: Frozen Ramparts (dangerous; 2% risk of failure)
Confirm with . or Enter, or press ? or * to list all spells.
A film of ice covers your body! The shadow imp gestures at you.
Pain shoots through your body!
* * * LOW HITPOINT WARNING * * *
Unknown command.
The shadow imp laughs crazily.
The frozen ramparts melt away.
The shadow imp shouts, "Decamp, thou foisting fob-snatching lout!"
Your icy armour will break if you move.
Continue?
Okay, then.
Your icy armour will break if you move.
Continue?
Your icy armour cracks and falls away as you move.
The orc priest begins to cast a cantrip, but forgets the words!
The orc priest mumbles some strange prayers to Beogh against you.
Beogh smites you!
You die...

#.# #.#
#.###################.#
#.#.................#.#
#.#.###############.#.#
#.#.#8P#oo5....#≈8#.#.#
#.#.#P.#≈≈≈≈≈≈≈#.P#.#.#
#...#..#[.≈≈≈..#.$#...#
#..©#©.'..≈⌠≈..+/©#©..#
##..#.@#..≈≈≈..#.$#..##
##.#P.#≈≈≈≈≈≈≈#.P#.##
#.#8P#5......#≈8#.#
#.###############.#
#.................#
###################


You could see 2 orc priests and 2 shadow imps.

Vanquished Creatures
  A gnoll bouda (D:3)
  An orc wizard (D:3)
  5 gnolls (D:3)
  3 adders
  A dart slug (D:2)
  4 orcs (D:3)
  3 endoplasms
  3 giant cockroaches
  3 goblins
  8 hobgoblins
  A quokka (D:1)
  2 ball pythons
  3 bats
  4 frilled lizards
  2 kobolds
  9 rats
53 creatures vanquished.

Notes
Turn   | Place    | Note
-------+----------+-------------------------------------------
     0 | D:1      | Aurophilus the Deep Elf Ice Elementalist began the quest
                  | for the Orb.
     0 | D:1      | Reached XP level 1. HP: 10/10 MP: 6/6
   454 | D:1      | Reached XP level 2. HP: 15/15 MP: 5/8
  1390 | D:2      | Reached skill level 5 in Ice Magic
  1411 | D:2      | Reached XP level 3. HP: 19/19 MP: 7/10
  1471 | D:2      | Learned a level 3 spell: Frozen Ramparts
  1475 | D:2      | Learned a level 3 spell: Ozocubu's Armour
  1991 | D:3      | Reached skill level 5 in Spellcasting
  1991 | D:3      | Reached XP level 4. HP: 6/24 MP: 3/13
  2225 | D:3      | Reached XP level 5. HP: 28/28 MP: 12/14
  2266 | D:3      | Reached skill level 6 in Ice Magic
  2366 | D:3      | Found a transporter.
  2383 | D:3      | Found a transporter.
  2499 | D:3      | Found a faded altar of an unknown god.
  2724 | D:3      | Found a bloodstained altar of Trog.
  2898 | D:3      | Killed from afar by an orc priest

Illustrated notes

Levels and vault maps discovered:
D:1:      matt_arrival_diagonals, layout_rooms, chequers_big_river,
          minmay_split_cup_large
D:2:      layout_loops_ring
D:3:      gammafunk_wand_slinger, layout_basic, nicolae_overflow_hidden_temple,
          basic_ecumenical_altar

Skill      XL: |  1  2  3  4  5 |
---------------+----------------+-----
Ice Magic      | 5 6 |  6.1
Spellcasting   | 5 |  5.5
Dodging        | |  2.5
Stealth        | |  2.7

Action                   |  1- 3 |  4- 6 || total
-------------------------+-------+-------++-------
Melee: Unarmed           |     2 |       ||     2
 Cast: Freeze            |    47 |    15 ||    62
       Frozen Ramparts   |     1 |     3 ||     4
       Ozocubu's Armour  |       |     1 ||     1
  Use: Scroll            |    10 |       ||    10
       Potion            |       |     1 ||     1
Armor: Robe              |     4 |     5 ||     9
Dodge: Dodged            |    16 |     6 ||    22

Table legend: (Time is in decaauts)
 A = Elapsed time spent in this place.
 B = Non-inter-level travel time spent in this place.
 C = Inter-level travel time spent in this place.
 D = Time resting spent in this place.
 E = Time spent auto-exploring this place.
 F = Levels seen in this place.
 G = Mean time per level.
                   A        B        C        D        E       F      G
               +--------+--------+--------+--------+--------+-----+--------+
         Total |   2904 |   2858 |     46 |    440 |   1981 |   3 |  968.0 |
       Dungeon |   2904 |   2858 |     46 |    440 |   1981 |   3 |  968.0 |
               +--------+--------+--------+--------+--------+-----+--------+

Top non-repeatable levels by time:
     D:1: 1283 daAuts
     D:3: 945 daAuts
     D:2: 675 daAuts
